 Dungeon Crawl Stone Soup version 0.31-a0-108-gdf935468f2 (console) character file.

Game seed: 3328574548703661939

91543 jejorda2 the Basher (level 16, -3/129 HPs)
             Began as a Gnoll Berserker on May 27, 2023.
             Was a High Priest of Trog.
             Killed by an exploding ice beast (26 damage)
             ... ignited by their inner flame
             ... in an ice cave on May 28, 2023.
             The game lasted 01:07:52 (21420 turns).

jejorda2 the Basher (Gnoll Berserker)              Turns: 21420, Time: 01:07:53

Health: -3/129     AC: 38    Str: 22    XL:     16   Next: 3%
Magic:  30/30      EV:  7    Int: 12    God:    Trog [*****.]
Gold:   1006       SH: 12    Dex: 12    Spells: 36/36 levels left

rFire   . . .        a - +4 whip (elec)
rCold   + . .        J - +1 kite shield {AC+3}
rNeg    . . .        A - +6 crystal plate armour "Faoracyn" {Will+ Regen+ Int+3}
rPois   .            e - +1 helmet
rElec   .            N - +2 cloak {rF+}
rCorr   .            f - +0 pair of gloves
SInv    .            (no boots)
Will    ++++.        (no amulet) Stlth
                     g - ring of ice
HPRegen 2.21/turn    G - +4 ring of slaying
MPRegen 0.22/turn

%: no passive effects
@: strong-willed, regenerating
A: fangs 1, strong nose, distributed training
a: Renounce Religion, Berserk, Trog's Hand, Brothers in Arms


You were in an ice cave.
You worshipped Trog.
Trog was extremely pleased with you.
You visited 3 branches of the dungeon, and saw 21 of its levels.
You also visited: Sewer, Bailey, Ice Cave and Volcano.

You collected 1943 gold pieces.
You spent 937 gold pieces at shops.

Inventory:

Hand Weapons
 a - a +4 whip of electrocution (weapon)
 b - the +11 sling "Adaakh" {drain, rElec Str+5 Int-4 Stlth+}
   (You found it on level 5 of the Dungeon)

   Str:       It affects your strength (+5).
   Int:       It affects your intelligence (-4).
   rElec:     It insulates you from electricity.
   Stlth:     It makes you more stealthy.
 x - a +0 morningstar of venom
 H - a +0 broad axe
Missiles
 m - 9 curare-tipped darts
 F - 4 datura-tipped darts
Armour
 e - a +1 helmet (worn)
 f - a +0 pair of gloves (worn)
 A - the +6 crystal plate armour "Faoracyn" (worn) {Will+ Regen+ Int+3}
   (You acquired it on level 4 of the Dungeon)

   Int:       It affects your intelligence (+3).
   Regen:     It increases your rate of health regeneration.
   Will:      It increases your willpower.
 J - a +1 kite shield of protection (worn)
 M - the +8 chain mail of Focus {Rampage rPois Str-5 Int-5}
   (You found it on level 2 of the Lair of Beasts)

   Str:       It affects your strength (-5).
   Int:       It affects your intelligence (-5).
   rPois:     It protects you from poison.
   Rampage:   It bestows one free step when moving towards enemies.
 N - a +2 cloak of fire resistance (worn)
Jewellery
 g - a ring of ice (left hand)
 E - a ring of willpower
 G - a +4 ring of slaying (right hand)
Wands
 i - a wand of digging (3)
 l - a wand of iceblast (11)
 q - a wand of mindburst (12)
 r - a wand of polymorph (6)
 t - a wand of charming (20)
 B - a wand of flame (36) (quivered)
Scrolls
 d - 5 scrolls of magic mapping
 j - 6 scrolls of fog
 k - 9 scrolls of teleportation
 p - a scroll of immolation
 u - 4 scrolls of fear
 v - 3 scrolls of poison
 y - 4 scrolls of blinking
 I - 2 scrolls of summoning
 L - 9 scrolls of identify
Potions
 c - 3 potions of mutation
 h - 6 potions of heal wounds
 n - 9 potions of curing
 o - 2 potions of enlightenment
 s - 2 potions of ambrosia
 z - 6 potions of might
 D - 2 potions of attraction
 K - 3 potions of haste
 O - a potion of invisibility
Miscellaneous
 w - a condenser vane
 P - a phial of floods


   Skills:
 + Level 12.6 Fighting
 + Level 10.9 Short Blades
 + Level 10.9 Long Blades
 + Level 10.9 Axes
 + Level 12.6 Maces & Flails
 + Level 10.9 Polearms
 + Level 10.9 Staves
 + Level 10.9 Ranged Weapons
 + Level 10.9 Throwing
 + Level 11.8 Armour
 + Level 11.8 Dodging
 + Level 10.9 Stealth
 + Level 10.9 Shields
 + Level 10.9 Unarmed Combat
 + Level 10.9 Spellcasting
 + Level 9.2 Conjurations
 + Level 9.2 Hexes
 + Level 9.2 Summonings
 + Level 9.2 Necromancy
 + Level 9.2 Translocations
 + Level 9.2 Transmutations
 + Level 9.2 Fire Magic
 + Level 9.2 Ice Magic
 + Level 9.2 Air Magic
 + Level 9.2 Earth Magic
 + Level 9.2 Poison Magic
 + Level 11.9 Invocations
 + Level 10.9 Evocations


You had 36 spell levels left.
You didn't know any spells.
Your spell library was empty.

Dungeon Overview and Level Annotations

Branches:
Dungeon (15/15)            Temple (0/1) D:6            Lair (5/5) D:11
 Shoals (0/4) Lair:2       Spider (0/4) Lair:2        Slime (0/5) Lair:5
    Orc (1/2) D:11         Vaults (0/5) D:13         Depths (0/4) D:15
  Sewer (visited)          Bailey (visited)           IceCv (1/1)
Volcano (visited)

Altars:
Gozag
Kikubaaqudgha
Makhleb
Trog
Vehumet
Wu Jian
Yredelemnul
The Shining One
Jiyva

Shops:
D:4 [   D:13 *

Annotations:
IceCv 1 transporter, exclusion: ice statue


Innate Abilities, Weirdness & Mutations

You have very sharp teeth.
Your uncanny sense of smell can sniff out nearby items.
Your experience applies equally to all skills.


Message History

You are engulfed in freezing vapours.
You resist. The ice beast barely misses you. You block the ice beast's attack.
The ice beast hits you but does no damage.
You closely miss the ice beast. Your bite misses the ice beast.
The ice beast is almost dead.
You are engulfed in freezing vapours.
You resist.
You block the ice beast's attack. x2; The ice beast barely misses you.
You hit the ice beast.
The ice beast disappears in a puff of smoke!
The ice beast explodes!
You hear a sizzling sound!
The fiery explosion engulfs the ice beast!!
The ice beast melts!
Flame seeps out of the ice beast.
The ice beast is almost dead.
The fiery explosion engulfs the ice beast!!!
The ice beast melts!
The ice beast disappears in a puff of smoke!
The fiery explosion engulfs the ice beast!!!
The ice beast melts!
The ice beast disappears in a puff of smoke!
You hear a sizzling sound!
The fiery explosion engulfs you!!
* * * LOW HITPOINT WARNING * * *
You hear a sizzling sound!
The fiery explosion engulfs the ice statue!!!
The ice statue melts!
You destroy the ice statue!
Trog accepts your kill.
You hear a sizzling sound!
The ice beast explodes!
The fiery explosion engulfs you but does no damage.
The ice beast explodes!
You hear a sizzling sound!
The fiery explosion engulfs the ice beast!!!
The ice beast melts!
The ice beast disappears in a puff of smoke!
The fiery explosion engulfs you but does no damage.
The ice beast explodes!
The fiery explosion engulfs you!!
You die...

#....8...8....#
#......[......#
##....[$)....##
#.....©.)...#
##...8©8...##
###########
##8..°..8##
##8....§Y°8##
#8..Y..§§@§8##
#...../}§§§.§.#
#©..8.°[§§§§§∩#
###############


You could see an ice statue and 2 ice beasts.

Vanquished Creatures
  Gastronok (Lair:2)
  Kirke (Lair:4)
  An ettin (D:15)
  A fire dragon (Lair:5)
  Fannar (D:12)
  A rakshasa (D:15)
  7 hydras
  An ogre mage (D:15)
  A catoblepas (D:15)
  2 boulder beetles
  8 centaur warriors
  A hell hog (Volcano)
  4 two-headed ogres
  4 tengu warriors
  8 death yaks
  A fire crab (Volcano)
  4 skeletal warriors (D:13)
  A deep elf archer (D:15)
  2 deep trolls (D:15)
  2 harpies (Lair:2)
  2 lindwurms (Lair:5)
  2 wizards (D:15)
  Pikel (D:4)
  2 orc knights (D:15)
  A harpy (shapeshifter) (D:15)
  4 deep elf pyromancers
  An orc sorcerer (D:15)
  A manticore (D:11)
  6 cyclopes
  7 ugly things
  8 black mambas
  20 elephants
  An ice statue (IceCv)
  2 gargoyles
  3 molten gargoyles
  3 centaur skeletons (D:13)
  8 komodo dragons
  4 rime drakes
  9 cane toads
  2 unseen horrors
  An anaconda simulacrum (IceCv)
  7 kobold demonologists
  A tengu conjurer (D:14)
  2 yaktaurs (D:13)
  2 trolls
  7 meliai
  Grinder (D:4)
  5 large abominations (D:15)
  22 blink frogs
  22 yaks
  4 shadows
  A vampire (D:13)
  10 fire bats (Volcano)
  6 wyverns
  2 hogs (Lair:4)
  10 basilisks
  5 steam dragons
  A death yak simulacrum (IceCv)
  2 wargs
  6 vampire mosquitoes (D:13)
  2 acid dragons
  6 hell hounds
  10 water moccasins
  20 orc warriors
  2 black bears
  2 sky beasts
  3 ogres
  6 small abominations (D:15)
  A boggart (D:13)
  13 centaurs
  A phantom (D:11)
  10 kobold brigands
  3 scorpions
  9 bullfrogs
  3 cane toad simulacra (IceCv)
  2 gnoll sergeants
  4 wights (D:9)
  2 troll zombies (D:11)
  19 killer bees
  4 howler monkeys
  2 vampire bats (D:12)
  6 electric eels
  6 lava snakes
  A jelly (D:7)
  7 orc priests
  3 hounds
  3 iguanas
  Ijyb (D:4)
  6 hell rats (Lair:5)
  3 sleepcaps
  12 orc wizards
  A boggart skeleton (D:13)
  4 ogre zombies (D:11)
  11 gnolls
  8 adders
  3 river rats (Sewer)
  A shadow imp (D:6)
  2 white imps
  2 ufetubi (D:5)
  4 dart slugs
  37 orcs
  2 bat skeletons (D:12)
  5 bat zombies (D:12)
  6 endoplasms
  5 giant cockroaches
  19 goblins
  12 hobgoblins
  5 jackals (Sewer)
  17 kobolds
  3 quokkas
  4 ball pythons
  5 bats
  9 frilled lizards
  A goblin skeleton (D:11)
  2 goblin zombies (D:11)
  A hobgoblin skeleton (D:11)
  A hobgoblin zombie (D:11)
  2 orc skeletons (D:11)
  12 orc zombies (D:11)
  12 rats
  A spectral orc (D:6)
625 creatures vanquished.

Vanquished Creatures (collateral kills)
  A centaur warrior (D:13)
  An elephant (Lair:3)
  A yaktaur (D:13)
  A freezing wraith (IceCv)
  A small abomination (D:15)
  A bullfrog (Lair:3)
6 creatures vanquished.

Vanquished Creatures (others)
  A wizard (D:15)
  An orc wizard (D:10)
  4 kobolds (D:9)
6 creatures vanquished.

Grand Total: 637 creatures vanquished

Notes
Turn   | Place    | Note
-------+----------+-------------------------------------------
     0 | D:1      | jejorda2 the Gnoll Berserker began the quest for the Orb.
     0 | D:1      | Reached XP level 1. HP: 23/23 MP: 1/1
    59 | D:1      | Reached XP level 2. HP: 27/29 MP: 2/2
   256 | D:1      | Reached XP level 3. HP: 35/35 MP: 3/3
   352 | D:1      | Reached ** piety under Trog
   353 | D:1      | Reached skill level 1 in Invocations
   675 | D:2      | Reached skill level 1 in Short Blades
   675 | D:2      | Reached skill level 1 in Long Blades
   675 | D:2      | Reached skill level 1 in Axes
   675 | D:2      | Reached skill level 1 in Polearms
   675 | D:2      | Reached skill level 1 in Staves
   675 | D:2      | Reached skill level 1 in Ranged Weapons
   675 | D:2      | Reached skill level 1 in Throwing
   675 | D:2      | Reached skill level 1 in Stealth
   675 | D:2      | Reached skill level 1 in Shields
   675 | D:2      | Reached skill level 1 in Unarmed Combat
   675 | D:2      | Reached skill level 1 in Spellcasting
   675 | D:2      | Reached skill level 1 in Evocations
   876 | D:2      | Found a faded altar of an unknown god.
  1146 | D:2      | Reached XP level 4. HP: 41/41 MP: 5/5
  1477 | D:3      | Reached skill level 1 in Conjurations
  1477 | D:3      | Reached skill level 1 in Hexes
  1477 | D:3      | Reached skill level 1 in Summonings
  1477 | D:3      | Reached skill level 1 in Necromancy
  1477 | D:3      | Reached skill level 1 in Translocations
  1477 | D:3      | Reached skill level 1 in Transmutations
  1477 | D:3      | Reached skill level 1 in Fire Magic
  1477 | D:3      | Reached skill level 1 in Ice Magic
  1477 | D:3      | Reached skill level 1 in Air Magic
  1477 | D:3      | Reached skill level 1 in Earth Magic
  1477 | D:3      | Reached skill level 1 in Poison Magic
  1940 | D:3      | Reached XP level 5. HP: 32/47 MP: 5/7
  2244 | D:3      | Found a glowing golden altar of the Shining One.
  2282 | D:4      | Identified a scroll of acquirement
  2282 | D:4      | Acquired the +6 crystal plate armour "Faoracyn" {Will+
                  | Regen+ Int+3}
  2430 | D:4      | Found a glowing drain.
  2435 | Sewer    | Entered a sewer
  2483 | Sewer    | Noticed a kobold brigand
  2505 | Sewer    | Killed a kobold brigand
  2506 | Sewer    | Reached skill level 5 in Armour
  2506 | Sewer    | Reached skill level 5 in Dodging
  2506 | Sewer    | Reached XP level 6. HP: 53/53 MP: 7/9
  2682 | Sewer    | Reached *** piety under Trog
  2789 | Sewer    | Reached XP level 7. HP: 59/59 MP: 10/10
  3290 | D:4      | Noticed Ijyb
  3305 | D:4      | Killed Ijyb
  3397 | D:4      | Found Hilastrui's Antique Armour Shop.
  3397 | D:4      | Noticed Grinder
  3410 | D:4      | Killed Grinder
  3425 | D:4      | Bought a runed cloak for 142 gold pieces
  3455 | D:4      | Noticed Pikel
  3489 | D:4      | Killed Pikel
  3490 | D:4      | Reached XP level 8. HP: 65/67 MP: 11/13
  3804 | D:5      | Entered Level 5 of the Dungeon
  4235 | D:5      | Noticed a yak
  4235 | D:5      | Noticed a yak
  4235 | D:5      | Noticed a yak
  4235 | D:5      | Noticed a yak
  4235 | D:5      | Noticed a yak
  4244 | D:5      | Noticed a yak
  4248 | D:5      | Killed a yak
  4249 | D:5      | Reached XP level 9. HP: 73/73 MP: 14/14
  4421 | D:5      | Identified the +11 sling "Adaakh" {drain, rElec Str+5 Int-4
                  | Stlth+}
  4464 | D:5      | Found an opulent altar of Gozag.
  4467 | D:5      | Found a radiant altar of Vehumet.
  4468 | D:5      | Found an ornate altar of the Wu Jian Council.
  4494 | D:5      | Reached skill level 5 in Invocations
  5090 | D:6      | Found a staircase to the Ecumenical Temple.
  5267 | D:6      | Found a basalt altar of Yredelemnul.
  5882 | D:6      | Reached skill level 5 in Short Blades
  5882 | D:6      | Reached skill level 5 in Long Blades
  5882 | D:6      | Reached skill level 5 in Axes
  5882 | D:6      | Reached skill level 5 in Polearms
  5882 | D:6      | Reached skill level 5 in Staves
  5882 | D:6      | Reached skill level 5 in Ranged Weapons
  5882 | D:6      | Reached skill level 5 in Throwing
  5882 | D:6      | Reached skill level 5 in Stealth
  5882 | D:6      | Reached skill level 5 in Shields
  5882 | D:6      | Reached skill level 5 in Unarmed Combat
  5882 | D:6      | Reached skill level 5 in Spellcasting
  5882 | D:6      | Reached skill level 5 in Evocations
  5882 | D:6      | Reached XP level 10. HP: 81/81 MP: 17/17
  6705 | D:8      | Noticed a cyclops
  6710 | D:8      | Killed a cyclops
  7138 | D:9      | Reached **** piety under Trog
  7699 | D:9      | Noticed a two-headed ogre
  7708 | D:9      | Killed a two-headed ogre
  7709 | D:9      | Reached skill level 5 in Conjurations
  7709 | D:9      | Reached skill level 5 in Hexes
  7709 | D:9      | Reached skill level 5 in Summonings
  7709 | D:9      | Reached skill level 5 in Necromancy
  7709 | D:9      | Reached skill level 5 in Translocations
  7709 | D:9      | Reached skill level 5 in Transmutations
  7709 | D:9      | Reached skill level 5 in Fire Magic
  7709 | D:9      | Reached skill level 5 in Ice Magic
  7709 | D:9      | Reached skill level 5 in Air Magic
  7709 | D:9      | Reached skill level 5 in Earth Magic
  7709 | D:9      | Reached skill level 5 in Poison Magic
  7709 | D:9      | Reached XP level 11. HP: 89/89 MP: 18/20
  8063 | D:10     | Entered Level 10 of the Dungeon
  8084 | D:10     | Noticed a soul eater
  8096 | D:10     | Found a flagged portal.
  8106 | D:10     | Noticed a sun demon
  8106 | Bailey   | Entered a bailey
  8280 | Bailey   | Noticed a sixfirhy
  8297 | Bailey   | Reached ***** piety under Trog
  8335 | Bailey   | Acquired a +4 ring of slaying
  8501 | Bailey   | Found an iron altar of Okawaru.
  8592 | Bailey   | Identified the +5 dagger of the Furious {drain, Dex+3
                  | Stlth+}
  8819 | D:10     | Noticed a sixfirhy
  9792 | D:11     | Found a staircase to the Orcish Mines.
  9887 | D:11     | Noticed a boulder beetle
  9909 | D:11     | Killed a boulder beetle
  9930 | D:11     | Noticed a manticore
  9936 | D:11     | Killed a manticore
  9988 | D:11     | Reached XP level 12. HP: 97/97 MP: 22/22
 10129 | D:11     | Noticed a two-headed ogre
 10143 | D:11     | Killed a two-headed ogre
 10483 | D:11     | Found a staircase to the Lair.
 10656 | Lair:1   | Entered Level 1 of the Lair of Beasts
 10679 | D:11     | Reached skill level 10 in Fighting
 10679 | D:11     | Reached skill level 10 in Maces & Flails
 11250 | Lair:1   | Received a gift from Trog
 11795 | Lair:2   | Found a staircase to the Shoals.
 11891 | Lair:2   | Noticed a seven-headed hydra
 11901 | Lair:2   | Killed a seven-headed hydra
 12163 | Lair:2   | Noticed a death yak
 12163 | Lair:2   | Noticed a death yak
 12163 | Lair:2   | Noticed a death yak
 12183 | Lair:2   | Reached XP level 13. HP: 104/104 MP: 25/25
 12254 | Lair:2   | Noticed Gastronok
 12303 | Lair:2   | Killed Gastronok
 12392 | Lair:2   | Found a hole to the Spider Nest.
 12730 | Lair:2   | Identified the +8 chain mail of Focus {Rampage rPois Str-5
                  | Int-5}
 12881 | Lair:3   | Found a dark tunnel.
 12906 | Volcano  | Entered a volcano
 12939 | Volcano  | Reached skill level 10 in Armour
 12939 | Volcano  | Reached skill level 10 in Dodging
 13021 | Volcano  | Found a bloodstained altar of Trog.
 13907 | Lair:3   | Reached XP level 14. HP: 113/113 MP: 27/27
 14012 | Lair:3   | You fall into a shaft and drop 2 floors!
 14012 | Lair:5   | Entered Level 5 of the Lair of Beasts
 14017 | Lair:5   | Reached skill level 10 in Invocations
 14258 | Lair:4   | Received a gift from Trog
 14866 | Lair:4   | Noticed Kirke
 14889 | Lair:4   | Killed Kirke
 15746 | Lair:5   | Found a large runed translucent door.
 15746 | Lair:5   | Found a large runed translucent door.
 16121 | Lair:5   | Found a viscous altar of Jiyva.
 16121 | Lair:5   | Found a staircase to the Slime Pits.
 16902 | D:12     | Noticed Fannar
 16925 | D:12     | Killed Fannar
 17154 | D:12     | Reached skill level 10 in Short Blades
 17154 | D:12     | Reached skill level 10 in Long Blades
 17154 | D:12     | Reached skill level 10 in Axes
 17154 | D:12     | Reached skill level 10 in Polearms
 17154 | D:12     | Reached skill level 10 in Staves
 17154 | D:12     | Reached skill level 10 in Ranged Weapons
 17154 | D:12     | Reached skill level 10 in Throwing
 17154 | D:12     | Reached skill level 10 in Stealth
 17154 | D:12     | Reached skill level 10 in Shields
 17154 | D:12     | Reached skill level 10 in Unarmed Combat
 17154 | D:12     | Reached skill level 10 in Spellcasting
 17154 | D:12     | Reached skill level 10 in Evocations
 17324 | D:12     | Found an ancient bone altar of Kikubaaqudgha.
 17335 | D:12     | Received a gift from Trog
 17908 | D:13     | Reached XP level 15. HP: 120/120 MP: 29/29
 18296 | D:13     | Found a gate to the Vaults.
 18540 | D:13     | Found Sana's Gadget Gallery.
 18549 | D:13     | Bought a wand of digging (4) for 235 gold pieces
 18549 | D:13     | Bought a condenser vane for 560 gold pieces
 19430 | D:14     | Found a bloodstained altar of Trog.
 20060 | D:15     | Entered Level 15 of the Dungeon
 20727 | D:15     | Found a staircase to the Depths.
 21212 | Orc:1    | Entered Level 1 of the Orcish Mines
 21224 | Orc:1    | Found a burning altar of Makhleb.
 21246 | Orc:1    | Found a frozen archway.
 21261 | Orc:1    | Reached XP level 16. HP: 129/129 MP: 30/30
 21310 | IceCv    | Entered an ice cave
 21378 | IceCv    | Found a transporter.
 21386 | IceCv    | Found a transporter.
 21420 | IceCv    | Killed by an exploding ice beast... ignited by their inner
                  | flame

Illustrated notes

Levels and vault maps discovered:
D:1:      grunt_arrival_crossed_arrows, layout_basic
D:2:      layout_loops_ring, shapermc_ecumenical_altar_starsandcircs,
          chequers_serial_rivers_micro_d, kennysheep_decorative_pillar,
          supply_closet_lemuel, eino_tiny_chamber
D:3:      layout_basic, tso_altar
D:4:      layout_basic, serial_shops, shop, gup_sewer_entry_bowl,
          minmay_distorted, uniq_grinder, uniq_ijyb, uniq_pikel
D:5:      layout_basic, grunt_temple_overflow_open
D:6:      layout_loops_corners, yredelemnul_forgotten_temple_becter,
          minmay_temple_entry_stoned_glass, kennysheep_dice
D:7:      layout_gridville, minivault_19, kennysheep_minor_cross
D:8:      layout_cave_pools, dk_noncrumbling_2, minmay_sticks_and_stones
D:9:      layout_loops_ring
D:10:     layout_irregular_city, enter_bailey_2
D:11:     layout_long_grid, grunt_lair_entry_orc_guard_hut, zombieorc1_lemuel,
          kennysheep_generic_room_7
D:12:     layout_loops_cross, kennysheep_vampire_church, uniq_fannar
D:13:     layout_layer_cave, hangedman_vaults_entry_quadrant_bands,
          grunt_ministairs_9, nicolae_shop_gadgets
D:14:     layout_roguey, trog_three_pillars_becter
D:15:     hangedman_depths_entry_civil_slaughter, layout_basic,
          minmay_misc_feat_alley, st_stairs_4, wad_floor_pattern_2, laboratory
Lair:1:   layout_cave_pods
Lair:2:   layout_chaotic_city, nicolae_shoals_entry_roost,
          hellmonk_spider_entry_not_the_bees, chequers_serial_rivers_micro_b,
          serial_bayou_lagoon_b, uniq_gastronok
Lair:3:   layout_regular_city, nicolae_volcano_entry_two_sided,
          grunt_megastairs_3, lemuel_fruit_tree
Lair:4:   layout_misc_corridors, dreamdust_mushroom_princess, uniq_kirke
Lair:5:   cheibrodos_lair_end_hotspot, layout_hall_layers,
          dpeg_slime_entry_enclosed
Orc:1:    layout_diamond_mine, portal_ice_cave_rime, basic_altar, uniq_maurice,
          uniq_urug, uniq_sonja, uniq_erolcha
IceCv:    ice_cave_statue_garden_transporter

Skill      XL: |  1  2  3  4  5  6  7  8  9 10 11 12 13 14 15 |
---------------+----------------------------------------------+-----
Invocations    | 1 2 3 4 5 6 7 8 9 10 11 | 11.9
Short Blades   | 1 2 3 5 6 7 8 9 10 | 10.9
Long Blades    | 1 2 3 5 6 7 8 9 10 | 10.9
Axes           | 1 2 3 5 6 7 8 9 10 | 10.9
Polearms       | 1 2 3 5 6 7 8 9 10 | 10.9
Staves         | 1 2 3 5 6 7 8 9 10 | 10.9
Ranged Weapons | 1 2 3 5 6 7 8 9 10 | 10.9
Throwing       | 1 2 3 5 6 7 8 9 10 | 10.9
Stealth        | 1 2 3 5 6 7 8 9 10 | 10.9
Shields        | 1 2 3 5 6 7 8 9 10 | 10.9
Unarmed Combat | 1 2 3 5 6 7 8 9 10 | 10.9
Spellcasting   | 1 2 3 5 6 7 8 9 10 | 10.9
Evocations     | 1 2 3 5 6 7 8 9 10 | 10.9
Conjurations   | 1 2 3 4 5 6 7 8 9 |  9.2
Hexes          | 1 2 3 4 5 6 7 8 9 |  9.2
Summonings     | 1 2 3 4 5 6 7 8 9 |  9.2
Necromancy     | 1 2 3 4 5 6 7 8 9 |  9.2
Translocations | 1 2 3 4 5 6 7 8 9 |  9.2
Transmutations | 1 2 3 4 5 6 7 8 9 |  9.2
Fire Magic     | 1 2 3 4 5 6 7 8 9 |  9.2
Ice Magic      | 1 2 3 4 5 6 7 8 9 |  9.2
Air Magic      | 1 2 3 4 5 6 7 8 9 |  9.2
Earth Magic    | 1 2 3 4 5 6 7 8 9 |  9.2
Poison Magic   | 1 2 3 4 5 6 7 8 9 |  9.2
Armour         | 5 6 7 8 9 10 11 | 11.8
Dodging        | 5 6 7 8 9 10 11 | 11.8
Fighting       | 7 8 9 10 11 12 | 12.6
Maces & Flails | 7 8 9 10 11 12 | 12.6

Action                     |  1- 3 |  4- 6 |  7- 9 | 10-12 | 13-15 | 16-18 || total
---------------------------+-------+-------+-------+-------+-------+-------++-------
  Melee: Mace              |    79 |   189 |    36 |       |       |       ||   304
         Bite              |     7 |    13 |    44 |    81 |   222 |    15 ||   382
         Punch             |       |     3 |     9 |       |       |       ||    12
         Whip              |       |       |   259 |   698 |  1256 |    89 ||  2302
         Flail             |       |       |    41 |       |       |       ||    41
         Broad axe         |       |       |       |       |     7 |       ||     7
   Fire: Sling             |       |       |    31 |   271 |   207 |       ||   509
  Throw: Stone             |     1 |     1 |     5 |     3 |     1 |       ||    11
 Invoke: Trog's Hand       |       |       |     4 |     2 |    10 |     1 ||    17
         Berserk           |       |       |     5 |     7 |    13 |       ||    25
         Brothers in Arms  |       |       |       |       |     3 |     1 ||     4
  Evoke: Wand              |       |       |     3 |       |       |     1 ||     4
    Use: Scroll            |       |    11 |     7 |    11 |     6 |     1 ||    36
   Stab: Distracted        |       |       |       |       |     1 |       ||     1
 Armour: Ring mail         |    14 |     3 |       |       |       |       ||    17
         Scale mail        |       |    42 |       |       |       |       ||    42
         Crystal plate arm |       |    72 |   201 |   540 |   746 |    65 ||  1624
         Chain mail        |       |       |       |       |    20 |       ||    20
  Dodge: Dodged            |    51 |    56 |    41 |   129 |   280 |    28 ||   585
  Block: Kite shield       |       |       |    10 |   343 |   598 |    35 ||   986

Table legend: (Time is in decaauts)
 A = Elapsed time spent in this place.
 B = Non-inter-level travel time spent in this place.
 C = Inter-level travel time spent in this place.
 D = Time resting spent in this place.
 E = Time spent auto-exploring this place.
 F = Levels seen in this place.
 G = Mean time per level.
                   A        B        C        D        E       F      G
               +--------+--------+--------+--------+--------+-----+--------+
         Total |  21329 |  20407 |    922 |   1897 |  13327 |  25 |  853.2 |
       Dungeon |  13751 |  13097 |    654 |   1193 |   8976 |  15 |  916.7 |
          Lair |   5281 |   5038 |    243 |    472 |   3282 |   5 | 1056.2 |
  Orcish Mines |     77 |     52 |     25 |      0 |      0 |   1 |   77.0 |
         Sewer |    844 |    844 |      0 |     16 |    498 |   1 |  844.0 |
        Bailey |    712 |    712 |      0 |     73 |    352 |   1 |  712.0 |
      Ice Cave |     89 |     89 |      0 |     15 |      0 |   1 |   89.0 |
       Volcano |    572 |    572 |      0 |    126 |    217 |   1 |  572.0 |
               +--------+--------+--------+--------+--------+-----+--------+

Top non-repeatable levels by time:
    D:13: 1620 daAuts
  Lair:5: 1534 daAuts
    D:11: 1308 daAuts
     D:6: 1115 daAuts
  Lair:2: 1009 daAuts
     D:5: 975 daAuts
  Lair:1: 965 daAuts
    D:15: 948 daAuts
     D:9: 942 daAuts
  Lair:4: 917 daAuts
     D:3: 911 daAuts
    D:12: 884 daAuts
  Lair:3: 854 daAuts
   Sewer: 844 daAuts
    D:10: 839 daAuts
